 Dungeon Crawl Stone Soup version 0.24.0-37-gcf1ca852f1 (webtiles) character file.

Game seed: 14489844275276012118, levelgen mode: deterministic

1003 Iamsoldier the Charmwright (level 8, -1/63 HPs)
             Began as a Gnoll Skald on Dec 1, 2019.
             Was an Initiate of Gozag.
             Slain by a troll (5 damage)
             ... on level 5 of the Dungeon.
             The game lasted 00:12:01 (5578 turns).

Iamsoldier the Charmwright (Gnoll Skald)            Turns: 5578, Time: 00:12:02

Health: -1/63      AC:  6    Str: 16    XL:     8   Next: 20%
Magic:  5/16       EV: 15    Int: 22    God:    Gozag
Gold:   506        SH:  0    Dex: 15    Spells: 9/18 levels left

rFire    + . .     SeeInvis .   a - +0 trident
rCold    . . .     Gourm    .   (no shield)
rNeg     . . .     Faith    .   b - +1 leather armour
rPois    .         Spirit   .   c - +1 hat "Heamircho" {Str+2 Int+5}
rElec    .         Reflect  .   (no cloak)
rCorr    .         Harm     .   o - +0 pair of gloves
MR       .....                  (no boots)
Stlth    ++........             (no amulet)
HPRegen  0.20/turn              s - ring of protection from fire
MPRegen  0.15/turn              (no ring)

@: infused
A: distributed training, fangs 1, strong nose
a: Potion Petition, Call Merchant, Bribe Branch, Renounce Religion


You were on level 5 of the Dungeon.
You worshipped Gozag.
Gozag was pleased with you.
You were very hungry.

You visited 1 branch of the dungeon, and saw 5 of its levels.

You collected 560 gold pieces.
You paid 54 gold pieces to Gozag.

Inventory:

Hand Weapons
 a - a +0 trident (weapon)
 v - a +2 mace of crushing
Missiles
 u - 6 javelins (quivered)
Armour
 b - a +1 leather armour (worn)
 c - the +1 hat "Heamircho" (worn) {Str+2 Int+5}
   (You found it on level 4 of the Dungeon)

   It affects your strength (+2).
   It affects your intelligence (+5).
 o - a +0 pair of gloves (worn)
 w - a +0 chain mail
Jewellery
 s - a ring of protection from fire (left hand)
Wands
 n - a wand of acid (5)
Scrolls
 e - 6 scrolls of identify
 f - a scroll of amnesia
 i - 2 scrolls of immolation
 j - a scroll of teleportation
 x - a scroll of remove curse
Potions
 g - a potion of brilliance
 h - 3 potions of haste {unknown}
 k - a potion of berserk rage {unknown}
 l - 2 potions of curing {unknown}
 m - a potion of heal wounds {unknown}
 p - 2 potions of mutation {unknown}
 q - a potion of cancellation {unknown}
 r - 2 potions of might {unknown}
 t - 3 potions of lignification {unknown}
Comestibles
 d - 7 rations


   Skills:
 + Level 5.5 Fighting
 + Level 3.0 Short Blades
 + Level 3.0 Long Blades
 + Level 3.0 Axes
 + Level 3.0 Maces & Flails
 + Level 5.5 Polearms
 + Level 3.0 Staves
 + Level 3.0 Slings
 + Level 3.0 Bows
 + Level 3.0 Crossbows
 + Level 3.0 Throwing
 + Level 4.0 Armour
 + Level 5.5 Dodging
 + Level 3.0 Stealth
 + Level 3.0 Shields
 + Level 3.0 Unarmed Combat
 + Level 5.9 Spellcasting
 + Level 2.4 Conjurations
 + Level 2.4 Hexes
 + Level 6.0 Charms
 + Level 2.4 Summonings
 + Level 2.4 Necromancy
 + Level 2.4 Translocations
 + Level 2.4 Transmutations
 + Level 2.4 Fire Magic
 + Level 2.4 Ice Magic
 + Level 2.4 Air Magic
 + Level 2.4 Earth Magic
 + Level 2.4 Poison Magic
 + Level 3.3 Invocations
 + Level 3.0 Evocations


You had 9 spell levels left.
You knew the following spells:

 Your Spells              Type           Power        Failure   Level  Hunger
a - Infusion              Chrm           ####         1%          1    None
b - Shroud of Golubria    Chrm/Tloc      ####..       3%          2    None
c - Spectral Weapon       Hex/Chrm       ####....     6%          3    ##.....
d - Regeneration          Chrm/Necr      ####......   6%          3    ##.....

Your spell library contained the following spells:

 Spells                   Type           Power        Failure   Level  Hunger
 Song of Slaying          Chrm           ####....     1%          2    None
 Animate Skeleton         Necr           N/A          4%          1    None
 Apportation              Tloc           ###...       4%          1    None
 Confusing Touch          Hex            ###...       4%          1    None
 Summon Small Mammal      Summ           ###.         4%          1    None


Dungeon Overview and Level Annotations

Branches:
Dungeon (5/15)
 Temple: D:4-7

Altars:
Elyvilon
Gozag
Vehumet


Innate Abilities, Weirdness & Mutations

Your experience applies equally to all skills.
You have very sharp teeth.
Your uncanny sense of smell can sniff out nearby items.


Message History

You hit the troll.
The troll is heavily wounded.
The troll bites you!
Your shroud falls apart!
The troll claws you. The troll claws you!
The crimson imp blinks!
You closely miss the troll. Your bite misses the troll.
The troll is heavily wounded.
The troll bites you. The troll claws you! The troll misses you.
You are feeling very hungry.
You hit the troll.
The troll is heavily wounded.
The troll bites you!
* * * LOW HITPOINT WARNING * * *
The troll barely misses you. x2
Casting: Infusion (safe; 1% risk of failure)
Confirm with . or Enter, or press ? or * to list all spells.
You draw out your weapon's spirit!
The troll barely misses you. The troll closely misses you. The troll claws you.
You die...
Your body crumbles into a pile of gold.

#..............#
#..............#####
.....................
########.......######.###
######........[..#
#..######.#.# #..# .#.#
############..# ##.#.#
.....ZT@($....# #..#.#
#############.#####.##.# .#
#.#......#.# ####.#
#.#...#..#.#
#.(..####.###.#..#.#
#................#.#
########<#######.###<#.....
........)........# #####.##
.#####.)$......####### #.##


You could see a troll, an adder skeleton and a friendly spectral +0 trident.

Vanquished Creatures
  Edmund (D:4)
  An ice beast (D:4)
  An ogre (D:4)
  A centaur (D:5)
  A scorpion (D:5)
  2 bullfrog skeletons (D:4)
  A crimson imp (D:5)
  2 orc wizards (D:5)
  5 orc priests
  A hound (D:4)
  A statue (D:4)
  2 hound skeletons (D:4)
  A hound zombie (D:5)
  10 adders
  A shadow imp (D:5)
  An ooze (D:3)
  2 adder skeletons
  2 worms
  A dart slug (D:2)
  2 leopard geckos
  16 orcs
  8 bats
  3 giant cockroaches
  4 goblins
  3 hobgoblins
  6 jackals
  6 kobolds
  A quokka (D:5)
  3 ball pythons
  4 frilled lizards
  A quokka skeleton (D:4)
  2 rats
96 creatures vanquished.

Vanquished Creatures (others)
  An orc wizard (D:5)
1 creature vanquished.

Grand Total: 97 creatures vanquished

Notes
Turn   | Place    | Note
-------+----------+-------------------------------------------
     0 | D:1      | Iamsoldier the Gnoll Skald began the quest for the Orb.
     0 | D:1      | Reached XP level 1. HP: 20/20 MP: 6/6
   323 | D:1      | Reached XP level 2. HP: 23/26 MP: 7/7
   328 | D:1      | Learned a level 2 spell: Shroud of Golubria
  1038 | D:2      | Reached XP level 3. HP: 20/31 MP: 2/9
  1174 | D:2      | Learned a level 3 spell: Spectral Weapon
  1178 | D:2      | Learned a level 3 spell: Regeneration
  1190 | D:2      | Reached skill level 5 in Spellcasting
  1207 | D:2      | Reached skill level 1 in Invocations
  1340 | D:2      | Reached skill level 1 in Short Blades
  1340 | D:2      | Reached skill level 1 in Long Blades
  1340 | D:2      | Reached skill level 1 in Axes
  1340 | D:2      | Reached skill level 1 in Maces & Flails
  1340 | D:2      | Reached skill level 1 in Staves
  1340 | D:2      | Reached skill level 1 in Slings
  1340 | D:2      | Reached skill level 1 in Bows
  1340 | D:2      | Reached skill level 1 in Crossbows
  1340 | D:2      | Reached skill level 1 in Throwing
  1340 | D:2      | Reached skill level 1 in Stealth
  1340 | D:2      | Reached skill level 1 in Shields
  1340 | D:2      | Reached skill level 1 in Unarmed Combat
  1340 | D:2      | Reached skill level 1 in Evocations
  1342 | D:2      | Reached XP level 4. HP: 38/38 MP: 2/11
  2398 | D:3      | Reached skill level 1 in Conjurations
  2398 | D:3      | Reached skill level 1 in Hexes
  2398 | D:3      | Reached skill level 1 in Summonings
  2398 | D:3      | Reached skill level 1 in Necromancy
  2398 | D:3      | Reached skill level 1 in Translocations
  2398 | D:3      | Reached skill level 1 in Transmutations
  2398 | D:3      | Reached skill level 1 in Fire Magic
  2398 | D:3      | Reached skill level 1 in Ice Magic
  2398 | D:3      | Reached skill level 1 in Air Magic
  2398 | D:3      | Reached skill level 1 in Earth Magic
  2398 | D:3      | Reached skill level 1 in Poison Magic
  2657 | D:3      | Reached XP level 5. HP: 43/43 MP: 6/12
  3185 | D:4      | Found an opulent altar of Gozag.
  3337 | D:4      | Became a worshipper of Gozag Ym Sagoz the Greedy
  3463 | D:4      | Noticed Edmund
  3487 | D:4      | Killed Edmund
  3487 | D:4      | Reached skill level 5 in Fighting
  3487 | D:4      | Reached skill level 5 in Polearms
  3487 | D:4      | Reached skill level 5 in Dodging
  3487 | D:4      | Reached XP level 6. HP: 22/51 MP: 3/14
  3865 | D:4      | Reached XP level 7. HP: 44/56 MP: 10/15
  4265 | D:4      | Found a radiant altar of Vehumet.
  4290 | D:4      | Got a polished hat
  4295 | D:4      | Identified the +1 hat "Heamircho" {Str+2 Int+5} (You found
                  | it on level 4 of the Dungeon)
  4695 | D:5      | Entered Level 5 of the Dungeon
  5001 | D:5      | Reached XP level 8. HP: 58/63 MP: 11/16
  5095 | D:5      | Found a white marble altar of Elyvilon.
  5117 | D:5      | Reached skill level 6 in Charms
  5560 | D:5      | Noticed a troll
  5578 | D:5      | Slain by a troll

Levels and vault maps discovered:
D:1:      saegor_arrival_simple_e, layout_basic
D:2:      layout_loops_ring, first_ration
D:3:      layout_basic
D:4:      layout_rooms, vehumet_statue, overflow_temple_1_default, uniq_edmund
D:5:      layout_basic, serial_glass, glass_columns_b, glass_columns_c,
          elyvilon_altar_3

Skill      XL: |  1  2  3  4  5  6  7  8 |
---------------+-------------------------+-----
Spellcasting   | 5 |  5.9
Invocations    | 1 2 3 |  3.3
Short Blades   | 1 2 3 |  3.0
Long Blades    | 1 2 3 |  3.0
Axes           | 1 2 3 |  3.0
Maces & Flails | 1 2 3 |  3.0
Staves         | 1 2 3 |  3.0
Slings         | 1 2 3 |  3.0
Bows           | 1 2 3 |  3.0
Crossbows      | 1 2 3 |  3.0
Throwing       | 1 2 3 |  3.0
Stealth        | 1 2 3 |  3.0
Shields        | 1 2 3 |  3.0
Unarmed Combat | 1 2 3 |  3.0
Evocations     | 1 2 3 |  3.0
Conjurations   | 1 2 |  2.4
Hexes          | 1 2 |  2.4
Summonings     | 1 2 |  2.4
Necromancy     | 1 2 |  2.4
Translocations | 1 2 |  2.4
Transmutations | 1 2 |  2.4
Fire Magic     | 1 2 |  2.4
Ice Magic      | 1 2 |  2.4
Air Magic      | 1 2 |  2.4
Earth Magic    | 1 2 |  2.4
Poison Magic   | 1 2 |  2.4
Armour         | 3 4 |  4.0
Fighting       | 5 |  5.5
Polearms       | 5 |  5.5
Dodging        | 5 |  5.5
Charms         | 6 |  6.0

Action                   |  1- 3 |  4- 6 |  7- 9 || total
-------------------------+-------+-------+-------++-------
Melee: Spear             |    75 |   159 |       ||   234
       Bite              |     6 |    20 |    13 ||    39
       Trident           |       |     7 |   127 ||   134
 Cast: Infusion          |     7 |    10 |     1 ||    18
       Shroud of Golubri |     2 |    13 |     7 ||    22
       Spectral Weapon   |       |     5 |     9 ||    14
       Regeneration      |       |       |     2 ||     2
Evoke: Wand              |       |       |     2 ||     2
  Use: Scroll            |       |     2 |     5 ||     7
 Stab: Sleeping          |     1 |     1 |     2 ||     4
       Distracted        |       |     2 |     1 ||     3
  Eat: Chunk             |     1 |     7 |       ||     8
       Ration            |       |       |     2 ||     2
Armor: Leather armour    |    19 |    14 |    12 ||    45
Dodge: Dodged            |    41 |    87 |   107 ||   235
